Map: 필러스 오브 골드 - 래더

Players

Stats - Winner!

  • Race: Protoss Protoss
  • Spawn Location: 1:00

MaxPax

  • Race: Protoss Protoss
  • Spawn Location: 7:00

Event: StayAtHome Story Cup #3

VOD

Have the link to the VOD?

Description

Time

  • Played on: March 12, 2021, 7:17 a.m.
  • Length: 12:03

All games in this series

Show
View Real Time Build Order
Export as new Build Order

Stats Protoss - Winner!

Build Orders: Phoenix Opening 

Get SALT Encoding   

  12  0:00  Probe  
  13  0:12  Probe  
  14  0:18  Pylon  
  14  0:24  Probe (Chrono Boost)  
  15  0:37  Probe (Chrono Boost)  
  15  0:40  Gateway  
  16  0:44  Probe (Chrono Boost)  
  17  0:50  Assimilator  
  17  0:52  Probe  
  18  1:00  Assimilator  
  18  1:04  Probe (Chrono Boost)  
  18  1:11  Pylon  
  19  1:14  Probe (Chrono Boost)  
  20  1:19  Probe (Chrono Boost)  
  21  1:28  Cybernetics Core  
  21  1:31  Probe  
  22  1:36  Zealot  
  24  1:43  Probe  
  24  1:45  Pylon  
  25  1:55  Probe  
  25  1:56  Pylon  
  26  2:02  Stalker (Chrono Boost)  
  26  2:08  Warp Gate  
  28  2:13  Pylon  
  28  2:15  Probe  
  29  2:24  Sentry  
  31  2:37  Nexus  
  31  2:40  Probe  
  32  2:51  Sentry  
  34  3:01  Gateway  
  34  3:04  Probe  
  34  3:05  Phoenix  
  35  3:19  Probe  
  34  3:27  Twilight Council  
  34  3:30  Pylon  
  34  3:33  Probe  
  33  3:45  Probe (Chrono Boost)  
  34  3:49  Probe (Chrono Boost)  
  36  3:56  Probe (Chrono Boost), Sentry x2  
  36  3:59  Probe (Chrono Boost)  
  36  4:01  Probe (Chrono Boost)  
  41  4:03  Blink  
  41  4:05  Probe  
  41  4:08  Forge  
  43  4:10  Phoenix  
  43  4:11  Probe  
  44  4:17  Probe  
  44  4:20  Stalker x2  
  44  4:23  Probe  
  49  4:29  Probe  
  49  4:31  Robotics Facility  
  50  4:33  Assimilator  
  50  4:35  Probe  
  51  4:41  Probe  
  51  4:43  Protoss Ground Weapons Level 1 (Chrono Boost)  
  52  4:46  Gateway  
  52  4:47  Probe  
  52  4:52  Gateway, Phoenix  
  53  4:57  Probe  
  54  5:06  Stalker x2  
  58  5:07  Pylon  
  57  5:15  Probe  
  57  5:16  Probe  
  59  5:25  Observer (Chrono Boost)  
  59  5:31  Probe x2  
  59  5:32  Stalker x2  
  65  5:40  Nexus  
  65  5:45  Warp Prism (Chrono Boost), Pylon  
  67  5:50  Probe x2  
  67  5:56  Pylon  
  69  6:05  Stalker x3  
  75  6:17  Stalker  
  69  6:26  Probe  
  69  6:27  Probe  
  65  6:34  Stalker x3  
  65  6:38  Protoss Ground Weapons Level 2 (Chrono Boost)  
  65  6:39  Probe  
  66  6:49  Stalker  
  66  6:50  Probe  
  66  6:51  Probe  
  66  6:53  Shield Battery  
  70  6:58  Stalker  
  70  6:59  Stalker x2  
  70  7:01  Probe  
  77  7:02  Probe  
  77  7:03  Probe  
  77  7:04  Charge  
  79  7:12  Observer  
  79  7:13  Probe  
  79  7:14  Probe  
  79  7:15  Probe, Stalker  
  84  7:28  Gateway x2  
  84  7:30  Probe  
  84  7:31  Gateway  
  84  7:35  Gateway  
  85  7:41  Sentry  
  87  7:44  Pylon, Zealot x3  
  87  7:49  Nexus  
  93  7:54  Templar Archives  
  93  7:55  Gateway  
  93  7:59  Gateway  
  93  8:00  Observer (Chrono Boost)  
  93  8:09  Pylon  
  93  8:13  Warp Prism (Chrono Boost)  
  93  8:15  Zealot x4  
  103  8:29  Pylon  
  103  8:30  Pylon  
  103  8:38  Protoss Ground Armor Level 1 (Chrono Boost)  
  103  8:40  High Templar x2  
  103  8:41  Shield Battery, Zealot x6  
  113  8:46  Archon  
  111  8:49  Probe x3  
  111  8:53  Zealot  
  111  8:55  Zealot  
  118  9:01  Zealot x5  
  128  9:06  Pylon  
  128  9:07  Zealot  
  130  9:22  High Templar  
  132  9:26  Zealot x8  
  132  9:27  Zealot  
  132  9:30  Zealot  
  130  9:35  Warp Prism (Chrono Boost)  
  82  9:53  High Templar x2  
  82  9:54  Zealot x8  
  82  9:56  Probe x4  
  82  9:58  Archon  
  106  10:05  Gateway  
  106  10:07  Gateway  
  106  10:16  High Templar x2  
  106  10:17  Zealot x6  
  122  10:23  Archon  
  122  10:26  Zealot x2  
  126  10:30  Pylon  
  126  10:51  High Templar  
  126  10:52  High Templar, Zealot x8  
  126  10:56  Archon  
  146  11:00  Zealot x2  
  146  11:02  Observer  
  150  11:13  Zealot x2, Pylon  
  150  11:14  Pylon, Zealot  
  150  11:17  Pylon  
  148  11:36  High Templar x2  
  148  11:37  Zealot x3  
  151  11:41  Archon  
  151  11:42  Zealot  
Show
View Real Time Build Order
Export as new Build Order

MaxPax Protoss 

Build Orders: Oracle Opening, Blink Stalkers 

Get SALT Encoding   

  12  0:00  Probe  
  13  0:12  Probe  
  14  0:20  Pylon  
  14  0:24  Probe  
  15  0:38  Probe (Chrono Boost)  
  15  0:41  Gateway  
  16  0:47  Assimilator  
  16  0:48  Probe (Chrono Boost)  
  17  0:52  Probe (Chrono Boost)  
  17  0:56  Assimilator  
  18  1:04  Probe (Chrono Boost)  
  18  1:08  Pylon  
  19  1:16  Probe (Chrono Boost)  
  20  1:25  Probe (Chrono Boost)  
  21  1:29  Cybernetics Core  
  21  1:30  Probe  
  22  1:38  Zealot  
  24  1:42  Probe  
  25  1:54  Probe  
  26  2:04  Adept (Chrono Boost)  
  26  2:07  Probe  
  29  2:08  Warp Gate  
  29  2:15  Pylon  
  29  2:19  Probe  
  30  2:34  Nexus  
  30  2:36  Probe  
  30  2:44  Stargate  
  30  2:50  Probe  
  31  2:57  Stalker  
  33  3:02  Probe  
  34  3:11  Twilight Council  
  34  3:14  Probe  
  35  3:26  Probe  
  36  3:28  Oracle (Chrono Boost)  
  37  3:38  Probe  
  38  3:44  Blink (Chrono Boost)  
  36  3:48  Probe (Chrono Boost)  
  36  3:52  Gateway  
  36  3:55  Probe (Chrono Boost)  
  38  4:00  Probe (Chrono Boost)  
  40  4:05  Probe x2 (Chrono Boost)  
  41  4:10  Gateway  
  41  4:14  Probe  
  41  4:15  Probe, Gateway  
  43  4:25  Stalker  
  43  4:27  Probe  
  43  4:30  Probe  
  47  4:31  Forge  
  47  4:34  Assimilator  
  47  4:39  Probe  
  47  4:42  Probe  
  52  4:51  Probe  
  53  4:54  Pylon  
  53  4:57  Sentry  
  53  5:01  Nexus  
  53  5:03  Probe  
  54  5:09  Protoss Ground Weapons Level 1 (Chrono Boost)  
  54  5:13  Stalker x2  
  58  5:14  Stalker  
  58  5:17  Probe  
  60  5:24  Probe  
  60  5:26  Pylon  
  61  5:34  Probe  
  62  5:46  Stalker x3  
  70  5:50  Pylon  
  70  5:51  Stalker  
  70  5:54  Pylon  
  70  6:00  Robotics Facility  
  70  6:08  Probe x2  
  72  6:16  Stalker x4  
  80  6:20  Probe x2  
  80  6:21  Probe  
  79  6:32  Probe x2  
  75  6:34  Probe  
  69  6:40  Charge (Chrono Boost)  
  69  6:41  Stalker x4  
  69  6:44  Probe x2  
  69  6:46  Probe  
  76  6:55  Protoss Ground Weapons Level 2 (Chrono Boost)  
  76  6:56  Probe  
  78  7:03  Gateway  
  78  7:05  Observer  
  78  7:06  Probe, Gateway  
  79  7:09  Gateway  
  79  7:11  Gateway  
  77  7:20  Zealot x4  
  85  7:23  Immortal (Chrono Boost)  
  89  7:34  Pylon  
  89  7:44  Pylon  
  89  7:49  Sentry  
  89  7:50  Zealot  
  92  7:53  Pylon, Warp Prism (Chrono Boost), Zealot  
  92  7:54  Zealot  
  92  7:58  Nexus  
  98  8:01  Zealot  
  100  8:07  Pylon  
  100  8:08  Pylon  
  100  8:10  Zealot x4  
  108  8:15  Zealot x2  
  108  8:19  Sentry  
  113  8:30  Probe x2  
  109  8:38  Warp Prism (Chrono Boost)  
  103  8:43  Zealot x6  
  103  8:44  Observer, Zealot x2  
  119  8:52  Templar Archives  
  119  9:08  Zealot x4  
  119  9:09  Zealot x3  
  133  9:10  Zealot  
  135  9:31  Zealot x8  
  111  9:37  Warp Prism  
  89  9:51  High Templar  
  89  9:52  High Templar x2  
  83  9:53  High Templar, Zealot x4  
  83  9:56  Archon  
  83  9:58  Archon  
  93  10:04  Gateway  
  93  10:08  Gateway  
  93  10:10  Pylon  
  93  10:14  Zealot x4  
  101  10:24  High Templar  
  101  10:27  High Templar  
  105  10:32  Archon, Zealot x2  
  109  10:37  Pylon  
  109  10:40  Stalker x2  
  112  10:44  Zealot  
  114  10:50  Zealot x3  
  114  10:53  Pylon  
  120  10:58  Photon Cannon  
  120  11:03  Zealot x6  
  120  11:04  Zealot  
  120  11:13  Stalker  
  119  11:26  Zealot x5  
  119  11:27  Zealot x2  
  100  11:49  Zealot x2  
Tags
 
Add a new tag
Caveats
  • Supply blocks, unpowered buildings, or Contaminate may cause inaccurate times.
  • Supply counts are checked every 10 seconds.